 Dungeon Crawl Stone Soup version 0.25-a0-589-g1e14c549ee (webtiles) character file.

Game seed: 1879177590701993000, levelgen mode: deterministic

3259 Gynju the Thaumaturge (level 9, 0/78 HPs)
             Began as a Yellow Draconian Conjurer on Mar 12, 2020.
             Was a Follower of Vehumet.
             Slain by a yak (9 damage)
             ... on level 9 of the Dungeon.
             The game lasted 00:22:00 (11022 turns).

Gynju the Thaumaturge (Yellow Draconian Conjurer)  Turns: 11022, Time: 00:22:01

Health: 0/78       AC: 10    Str: 11    XL:     9   Next: 68%
Magic:  21/21      EV: 10    Int: 19    God:    Vehumet [*.....]
Gold:   378        SH:  9    Dex: 11    Spells: 17/24 levels left

rFire    . . .     SeeInvis .   n - +0 hand axe (elec)
rCold    + . .     Gourm    .   r - +0 kite shield
rNeg     + . .     Faith    .   (armour unavailable)
rPois    .         Spirit   .   (helmet restricted)
rElec    .         Reflect  .   p - +0 cloak
rCorr    +         Harm     .   y - +0 pair of gloves
MR       .....                  A - +0 pair of boots
Stlth    ++........             (no amulet)
HPRegen  0.23/turn              c - ring of positive energy
MPRegen  0.17/turn              i - ring of protection from cold

@: short of breath
A: spit acid, unfitting armour, cold-blooded, acid resistance, AC +7
a: Breathe Acid, Renounce Religion


You were on level 9 of the Dungeon.
You worshipped Vehumet.
Vehumet was aware of your devotion.
You were hungry.

You visited 2 branches of the dungeon, and saw 11 of its levels.

You collected 378 gold pieces.

Inventory:

Hand Weapons
 n - a +0 hand axe of electrocution (weapon)
Missiles
 x - a throwing net (quivered)
Armour
 f - a +2 pair of gloves
 p - a +0 cloak (worn)
 r - a +0 kite shield (worn)
 y - a +0 pair of gloves (worn)
 A - a +0 pair of boots (worn)
Jewellery
 a - an uncursed amulet of the acrobat {unknown}
 c - a ring of positive energy (left hand)
 i - a ring of protection from cold (right hand)
Wands
 q - a wand of clouds (6)
 s - a wand of paralysis (14)
 w - a wand of digging (4)
Scrolls
 g - a scroll of fear
 j - a scroll of random uselessness
 m - 5 scrolls of remove curse {@r2}
 o - a scroll of blinking
 t - 3 scrolls of identify {@r1}
 z - a scroll of teleportation
Potions
 d - 3 potions of haste
 e - 4 potions of stabbing {unknown}
 h - 3 potions of curing {@q1}
 k - a potion of berserk rage {unknown}
 l - 2 potions of flight
 u - 2 potions of lignification {unknown}
 v - a potion of mutation {unknown}
Comestibles
 b - 15 rations


   Skills:
 + Level 6.9 Fighting
 - Level 1.7 Dodging
 - Level 1.7 Stealth
 + Level 5.2 Shields
 + Level 8.2 Spellcasting
 + Level 7.6 Conjurations


You had 17 spell levels left.
You knew the following spells:

 Your Spells              Type           Power        Failure   Level  Hunger
a - Magic Dart            Conj           ####         1%          1    None
b - Iskenderun's Mystic   Conj/Tloc      ###.....     54%         4    ###....
c - Searing Ray           Conj           #####.       1%          2    None

Your spell library contained the following spells:

 Spells                   Type           Power        Failure   Level  Hunger
 Freeze                   Ice            #...         32%         1    None
 Foxfire                  Conj/Fire      ###.         7%          1    None
 Conjure Flame            Conj/Fire      ###.....     21%         3    None
 Dazzling Flash           Conj/Hex       ###...       21%         3    None
 Fulminant Prism          Conj/Hex       ###.......   54%         4    ###....
 Sticky Flame             Conj/Fire      ###.....     54%         4    ###....
 Confusing Touch          Hex            #.......     67%         3    None
 Gell's Gravitas          Tloc           #.........   67%         3    None
 Inner Flame              Hex/Fire       #.......     67%         3    None
 Fireball                 Conj/Fire      ###.......   88%         5    #####..
 Petrify                  Tmut/Erth      #.......     97%         4    ###....
 Metabolic Englaciation   Hex/Ice        #.........   100%        5    #####..
 Yara's Violent Unravell  Hex/Tmut       #.........   100%        5    #####..


Dungeon Overview and Level Annotations

Branches:
Dungeon (10/15)            Temple (1/1) D:6
   Lair: D:8-11         Orc: D:9-12

Altars:
Ashenzari
Cheibriados
Dithmenos
Elyvilon
Fedhas
Gozag
Hepliaklqana
Kikubaaqudgha
Makhleb
Nemelex Xobeh
Okawaru
Qazlal
Ru
Sif Muna
Trog
Uskayaw
Vehumet
Wu Jian
Xom
Yredelemnul
Zin
The Shining One

Annotations:
D:2 Sigmund, Terence
D:4 Ijyb
D:10 Gastronok


Innate Abilities, Weirdness & Mutations

You can spit globs of acid.
Your golden yellow scales are hard. (AC +7)
You cannot fit into any form of body armour.
You are cold-blooded and may be slowed by cold attacks.
You are resistant to acid. (rCorr)


Message History

There is a stone staircase leading down here.
Press: ? - help, Shift-Dir - straight line, f - shadow imp
Aim: a shadow imp You spit a glob of acid.
The glob of acid hits the shadow imp!
The shadow imp is splashed with acid.
The acid corrodes the shadow imp!
You kill the shadow imp!
Vehumet accepts your kill.
You feel your power returning.
You feel somewhat more hungry.
You hear a shout!
You block the yak's attack.
An orc priest comes into view.
A porcupine and a yak come into view. 2 yaks come into view.
A yak comes into view.
The orc priest invokes the aid of Beogh against you.
Beogh smites you!
* * * LOW HITPOINT WARNING * * *
The yak bellows!
The yak gores you!
You die...

.P . Y .♣...
..PP.P #...Y.P
#####......P
######........Y..
.......@.##...r♣.
###.....Y.....PP.
#..##o.#.#.♣.Y.
##..##..#.#
........#.#
.##..o##o#.#####
#...##o#......
#....oh.......
.....o.........


You could see 3 yaks, a hound, an orc priest, an orc wizard and an orc.

Vanquished Creatures
  Maggie (D:7)
  Grinder (D:6)
  A spriggan (D:8)
  3 ice beasts
  2 sky beasts (D:7)
  A phantom (D:7)
  A centaur (D:6)
  4 bullfrogs
  A scorpion (D:3)
  6 killer bees
  A howler monkey (D:5)
  2 bullfrog zombies (D:7)
  3 crimson imps
  2 quasits
  A hound (D:6)
  A jelly (D:7)
  3 bullfrog skeletons
  6 orc priests
  6 orc wizards
  Natasha (thrice) (D:2)
  3 iguanas
  7 worker ants
  A hound zombie (D:7)
  A hound skeleton (D:3)
  2 worker ant zombies
  4 gnolls (D:6)
  3 howler monkey skeletons
  9 adders
  4 shadow imps
  An ooze (D:4)
  2 worms
  A dart slug (D:1)
  4 leopard geckos
  32 orcs
  A ball python (D:4)
  3 bats
  2 giant cockroaches
  13 goblins
  8 hobgoblins
  6 jackals
  9 quokkas
  5 frilled lizards
  3 kobolds
  2 leopard gecko skeletons (D:4)
  A quokka skeleton (D:7)
  10 rats
186 creatures vanquished.

Notes
Turn   | Place    | Note
-------+----------+-------------------------------------------
     0 | D:1      | Gynju the Draconian Conjurer began the quest for the Orb.
     0 | D:1      | Reached XP level 1. HP: 14/14 MP: 3/3
   448 | D:1      | Reached XP level 2. HP: 20/20 MP: 1/5
   943 | D:1      | Reached skill level 3 in Spellcasting
  1730 | D:2      | Reached XP level 3. HP: 26/26 MP: 4/7
  1732 | D:2      | Noticed Natasha
  1736 | D:2      | Killed Natasha
  1848 | D:2      | Reached skill level 4 in Spellcasting
  1848 | D:2      | Reached XP level 4. HP: 9/33 MP: 0/10
  1960 | D:2      | Noticed Natasha
  1968 | D:2      | Killed Natasha
  2064 | D:2      | Noticed Natasha
  2074 | D:2      | Killed Natasha
  2309 | D:2      | Noticed Sigmund
  2755 | D:2      | Noticed Terence
  2819 | D:3      | Reached XP level 5. HP: 38/38 MP: 10/12
  2894 | D:2      | Learned a level 4 spell: Iskenderun's Mystic Blast
  2897 | D:2      | Learned a level 2 spell: Searing Ray
  2993 | D:3      | Reached skill level 5 in Spellcasting
  3851 | D:3      | Found a sparkling altar of Nemelex Xobeh.
  3926 | D:4      | Reached XP level 6. HP: 33/46 MP: 5/14
  4272 | D:3      | Reached skill level 1 in Fighting
  4454 | D:3      | Reached skill level 6 in Spellcasting
  4859 | D:4      | Noticed Ijyb
  5002 | D:4      | Found an iron altar of Okawaru.
  5065 | D:4      | Found a shimmering altar of Xom.
  5285 | D:5      | Entered Level 5 of the Dungeon
  5316 | D:5      | Your scales start taking on a golden yellow colour.
  5316 | D:5      | Reached XP level 7. HP: 56/56 MP: 2/16
  5316 | D:5      | Gained mutation: You are resistant to acid. (rCorr) [Yellow
                  | Draconian growth]
  5509 | D:5      | Found a glowing golden altar of the Shining One.
  5523 | D:5      | Found a hazy altar of Hepliaklqana.
  5638 | D:5      | Reached skill level 5 in Conjurations
  6129 | D:5      | Found an opulent altar of Gozag.
  6129 | D:5      | Found a glowing silver altar of Zin.
  6599 | D:6      | Reached skill level 1 in Shields
  6841 | D:6      | Reached XP level 8. HP: 56/66 MP: 13/18
  7002 | D:6      | Found a staircase to the Ecumenical Temple.
  7011 | Temple   | Entered the Ecumenical Temple
  7020 | Temple   | Reached skill level 7 in Spellcasting
  7428 | Temple   | Became a worshipper of Vehumet
  7750 | D:6      | Reached skill level 5 in Fighting
  8037 | D:6      | Noticed Grinder
  8038 | D:6      | Paralysed by Grinder for 7 turns
  8054 | D:6      | Paralysed by Grinder for 4 turns
  8066 | D:6      | Paralysed by Grinder for 3 turns
  8068 | D:6      | HP: 3/68 [Grinder (11)]
  8069 | D:6      | Killed Grinder
  8586 | D:7      | Reached * piety under Vehumet
  8586 | D:7      | Offered knowledge of Freeze by Vehumet.
  8759 | D:7      | Found a bloodstained altar of Trog.
  9246 | D:7      | Found a shattered altar of Ashenzari.
  9314 | D:7      | Reached XP level 9. HP: 74/74 MP: 15/20
  9403 | D:7      | Noticed Maggie
  9417 | D:7      | Killed Maggie
 10366 | D:7      | Reached skill level 8 in Spellcasting
 10599 | D:7      | Reached skill level 5 in Shields
 10723 | D:7      | Noticed a two-headed ogre
 10723 | D:7      | Identified the ring of Fyfraps {rCorr Str+4 Dex+3}
 10970 | D:8      | You fall into a shaft and drop 2 floors!
 10970 | D:10     | Entered Level 10 of the Dungeon
 10990 | D:10     | Noticed Gastronok
 10992 | D:10     | Noticed an eight-headed hydra
 11004 | D:10     | Noticed a troll
 11022 | D:9      | Slain by a yak

Levels and vault maps discovered:
D:1:      roderic_crop_circles_arrival_small, layout_basic, dk_noncrumbling_4
D:2:      layout_basic, first_ration, uniq_terence, uniq_natasha, uniq_sigmund
D:3:      minmay_spotlight, layout_rooms, chequers_serial_rivers_small_3,
          nrook_loot_triangle, nemelex_spade_bored_becter
D:4:      layout_rooms, nicolae_overflow_crystal_walls, kennysheep_mini_moat,
          uniq_ijyb
D:5:      layout_basic, grunt_temple_overflow_gold_and_silver,
          kennysheep_little_box, basic_altar
D:6:      layout_gridville, minmay_temple_entry_wispy, hex_large, uniq_grinder
D:7:      minmay_the_grid_triangle_9x9_rhombus_full
          [minmay_the_grid_triangle_9x9_skeleton,
          minmay_the_grid_triangle_9x9_dagger,
          minmay_the_grid_triangle_9x9_windchime,
          minmay_the_grid_triangle_9x9_corruption,
          minmay_the_grid_triangle_9x9_cache,
          minmay_the_grid_triangle_9x9_flanged_cone,
          minmay_the_grid_triangle_9x9_swiss_cheese,
          minmay_the_grid_triangle_9x9_prize_schism], layout_loops_ring,
          overflow_temple_1_default, nicolae_ashenzari_panopticon, uniq_maggie
D:8:      layout_rooms, nicolae_ossuary_entry_monument, the_bakery,
          fedhas_altar_1
D:9:      layout_loops_cross, minmay_lair_entry_grove, basic_altar, uniq_maurice
D:10:     layout_cave_pools, ebering_ghost_funeral_grove,
          minmay_misc_feat_tower, uniq_gastronok
Temple:   lightli_temple_of_artemis

Skill      XL: |  1  2  3  4  5  6  7  8  9 |
---------------+----------------------------+-----
Spellcasting   | 3 4 5 6 7 8 |  8.2
Fighting       | 2 4 5 6 |  6.9
Conjurations   | 5 6 7 |  7.6
Shields        | 1 3 5 |  5.2
Dodging        | |  1.7
Stealth        | |  1.7

Action                   |  1- 3 |  4- 6 |  7- 9 || total
-------------------------+-------+-------+-------++-------
Melee: Unarmed           |     2 |       |       ||     2
       Club              |     4 |       |       ||     4
       Tailslap          |     2 |       |     3 ||     5
       Hand axe          |       |     8 |    18 ||    26
 Cast: Magic Dart        |    54 |   210 |   371 ||   635
       Searing Ray       |       |     4 |    21 ||    25
 Abil: Breathe Acid      |       |       |     6 ||     6
  Use: Scroll            |       |     8 |     4 ||    12
  Eat: Chunk             |     3 |    10 |    18 ||    31
Armor: Skin              |     5 |    22 |    86 ||   113
Dodge: Dodged            |     4 |    53 |   110 ||   167
Block: Kite shield       |       |       |    95 ||    95

Table legend:
 A = Non-vault XP
 B = Vault XP
 C = Vault XP percentage of total XP
 D = Non-vault monster count
 E = Vault monster count
 F = Vault count percentage of total count
                 A         B        C        D         E       F
            +---------+---------+-------+---------+---------+-------
      Total |    3084 |    1573 |  33.8 |     162 |      24 |  12.9
            +---------+---------+-------+---------+---------+-------
        D:1 |      34 |       0 |   0.0 |      21 |       0 |   0.0
        D:2 |     128 |      35 |  21.5 |      17 |       1 |   5.6
        D:3 |     272 |      24 |   8.1 |      29 |       3 |   9.4
        D:4 |     200 |       0 |   0.0 |      19 |       0 |   0.0
        D:5 |     420 |       0 |   0.0 |      13 |       0 |   0.0
        D:6 |     796 |     272 |  25.5 |      36 |       1 |   2.7
        D:7 |     863 |    1027 |  54.3 |      20 |      18 |  47.4
        D:8 |      46 |     215 |  82.4 |       1 |       1 |  50.0
        D:9 |      12 |       0 |   0.0 |       1 |       0 |   0.0
     Temple |     313 |       0 |   0.0 |       5 |       0 |   0.0
            +---------+---------+-------+---------+---------+-------
